 Dungeon Crawl Stone Soup version 0.20.1-1-g8b1a95d66d (webtiles) character file.

89 MondaySad the Chopper (level 4, 39/39 HPs)
             Began as a Minotaur Berserker on Dec 14, 2017.
             Was a Believer of Trog.
             Quit the game on level 3 of the Dungeon.
             The game lasted 00:03:52 (1778 turns).

MondaySad the Chopper (Minotaur Berserker)          Turns: 1778, Time: 00:03:53

Health: 39/39      AC: -2    Str: 22    XL:     4   Next: 31%
Magic:  3/3        EV: 12    Int:  4    God:    Trog [**....]
Gold:   122        SH:  0    Dex: 10    Spells: 3/3 levels left

rFire    . . .     SeeInvis .   a - +1 hand axe
rCold    . . .     Gourm    .   (no shield)
rNeg     . . .     Faith    .   d - +0 leather armour
rPois    .         Spirit   .   (helmet restricted)
rElec    .         Reflect  .   (no cloak)
rCorr    .         Harm     .   (no gloves)
MR       .....                  (no boots)
Stlth    +.........             (no amulet)
Regen    0.2/turn               s - -6 ring of protection (curse)
MPRegen  0.1/turn               (no ring)

@: no status effects
A: retaliatory headbutt, horns 2
a: Berserk, Trog's Hand, Burn Spellbooks, Renounce Religion


You were on level 3 of the Dungeon.
You worshipped Trog.
Trog was pleased with you.
You were not hungry.

You visited 1 branch of the dungeon, and saw 3 of its levels.

You collected 122 gold pieces.

Inventory:

Hand Weapons
 a - a +1 hand axe (weapon)
Armour
 b - a +0 animal skin
 d - a +0 leather armour (worn)
 h - a +0 chain mail
 l - a +0 plate armour
Jewellery
 s - a cursed -6 ring of protection (left hand)
Scrolls
 p - a scroll of enchant armour {unknown}
 r - a scroll of identify {unknown}
 u - a scroll of immolation {unknown}
Potions
 g - a potion of berserk rage {unknown}
 k - a potion of degeneration {unknown}
 n - 2 potions of heal wounds {unknown}
 o - 3 potions of curing {unknown}
 t - 2 potions of agility {unknown}
Comestibles
 c - 2 bread rations
 f - 2 royal jellies
 i - 6 chunks of flesh


   Skills:
 - Level 3.6 Fighting
 + Level 6.2 Axes
 - Level 2.4 Armour
 - Level 2.1 Dodging


You had 3 spell levels left.
You didn't know any spells.

Dungeon Overview and Level Annotations

Branches:
Dungeon (3/15)

Altars:


Innate Abilities, Weirdness & Mutations

You reflexively headbutt those who attack you in melee.
You have a pair of horns on your head.


Message History

You feel as if something is helping you.
It was a scroll of remove curse.
Put on which piece of jewellery? (? for menu, Esc to quit)
Oops, that ring feels deathly cold.
s - a cursed -6 ring of protection (left hand) Put on which piece of jewellery? (? for menu, Esc to quit)
You're already wearing that object!
Are you sure you want to abandon this character and quit the game? (Confirm with "yes".)
Okay, then.
Unknown command.
Unknown command.
Unknown command.
Unknown command.
Unknown command.
Unknown command.
Unknown command.
Unknown command.
Unknown command.
Unknown command.
Are you sure you want to abandon this character and quit the game? (Confirm with "yes".)

.#.
#.#
#.#
#.#
#.#
#.#
##.#
#.@#
#.##
#.
#.
#.
#.
#.
#.


There were no monsters in sight!

Vanquished Creatures
  Robin (D:2)
  An adder (D:2)
  2 worms (D:2)
  6 dart slugs
  A leopard gecko (D:1)
  A ball python (D:2)
  2 giant cockroaches (D:2)
  7 hobgoblins
  8 kobolds
  3 bats
  A frilled lizard (D:1)
  13 goblins
  7 rats
53 creatures vanquished.

Notes
Turn   | Place    | Note
-------+----------+-------------------------------------------
     0 | D:1      | MondaySad the Minotaur Berserker began the quest for the Orb.
     0 | D:1      | Reached XP level 1. HP: 19/19 MP: 0/0
   134 | D:1      | Reached skill level 4 in Axes
   300 | D:1      | Reached XP level 2. HP: 9/26 MP: 1/1
  1074 | D:2      | Reached skill level 5 in Axes
  1084 | D:2      | Reached XP level 3. HP: 19/31 MP: 2/2
  1281 | D:2      | Reached ** piety under Trog
  1285 | D:2      | Noticed Robin
  1287 | D:2      | Killed Robin
  1292 | D:2      | Reached XP level 4. HP: 20/39 MP: 3/3
  1301 | D:2      | Reached skill level 6 in Axes
  1778 | D:3      | Quit the game

Skill      XL: |  1  2  3  4 |
---------------+-------------+-----
Axes           | 4 5 6 |  6.2
Fighting       | |  3.6
Armour         | |  2.4
Dodging        | |  2.1

Action                   |  1- 3 |  4- 6 || total
-------------------------+-------+-------++-------
Melee: Hand axe          |    77 |    22 ||    99
       Headbutt          |    11 |     5 ||    16
  Use: Scroll            |       |     4 ||     4
  Eat: Chunk             |     1 |     2 ||     3
Armor: Animal skin       |     2 |       ||     2
       Leather armour    |    12 |     2 ||    14
Dodge: Dodged            |    39 |    15 ||    54
